 Dungeon Crawl Stone Soup version 0.29.1-2-gbd0b4ee654 (webtiles) character file.

Game seed: 17286967154164859500

5 firemarshallily the Stinger (level 1, 0/15 HPs)
             Began as a Naga Venom Mage on Nov 1, 2022.
             Slain by a kobold
             ... wielding a +0 short sword
              (4 damage)
             ... on level 1 of the Dungeon.
             The game lasted 00:01:39 (144 turns).

firemarshallily the Stinger (Naga Venom Mage)        Turns: 144, Time: 00:01:39

Health: 0/15       AC:  1    Str: 10    XL:     1   Next: 80%
Magic:  1/3        EV:  9    Int: 15    God:
Gold:   9          SH:  0    Dex: 11    Spells: 3/4 levels left

rFire   . . .      SeeInvis +   c - +0 dagger
rCold   . . .      Faith    .   (no shield)
rNeg    . . .      Spirit   .   a - +0 robe
rPois   +          Reflect  .   (no helmet)
rElec   .          Harm     .   (no cloak)
rCorr   .          Rampage  .   (no gloves)
Will    .....                   (no barding)
Stlth   ++........              (no amulet)
HPRegen 0.05/turn               (no ring)
MPRegen 0.08/turn               (no ring)

@: short of breath, very slow
A: AC +0, large, see invisible, deformed body, poison resistance, slowness 2,
spit poison 1, naga tail 1
a: Spit Poison


You were on level 1 of the Dungeon.
You visited 1 branch of the dungeon, and saw 1 of its levels.

You collected 9 gold pieces.

Inventory:

Hand Weapons
 c - a +0 dagger (weapon)
Armour
 a - a +0 robe (worn)
Potions
 b - a potion of magic


   Skills:
 + Level 0.3 Fighting
 - Level 1.5 Dodging
 - Level 3.0 Stealth
 * Level 2.1 Spellcasting
 - Level 1.0 Transmutations
 * Level 4.2 Poison Magic


You had 3 spell levels left.
You knew the following spells:

 Your Spells              Type           Power      Damage    Failure   Level
a - Sting                 Tmut/Pois      36%        1d4       8%          1

Your spell library contained the following spells:

 Spells                   Type           Power      Damage    Failure   Level
 Poisonous Vapours        Pois/Air       14%        N/A       14%         2
 Mephitic Cloud           Conj/Pois/Air  5%         N/A       36%         3
 Olgreb's Toxic Radiance  Pois           14%        N/A       36%         4


Dungeon Overview and Level Annotations

Branches:
Dungeon (1/15)

Altars:

Shops:
D:1 [


Innate Abilities, Weirdness & Mutations

Your serpentine skin is tough. (AC +0)
You have supernaturally acute eyesight. (SInv)
Armour fits poorly on your strangely shaped body.
Your system is resistant to poisons. (rPois)
You cover ground very slowly.
You can spit poison.
You have a snake-like lower body.


Message History

The kobold attacks as you move away! The kobold barely misses you.
The bat attacks as you move away! The bat hits you. x2
The kobold hits you with a +0 dagger.
Casting: Sting (safe; 8% risk of failure)
Confirm with . or Enter, or press ? or * to list all spells.
Okay, then.
You have got your breath back.
The jackal barks!
The bat hits you but does no damage.
A jackal comes into view.
The kobold attacks as you move away!
The kobold hits you with a +0 short sword.
You barely miss the kobold. The kobold barely misses you. The bat hits you.
The jackal barks!
You hit the kobold.
The kobold is moderately wounded.
The bat closely misses you. The kobold barely misses you.
The bat closely misses you.
Your magical contamination has completely faded away.
You closely miss the kobold.
The kobold is moderately wounded.
The bat hits you but does no damage.
You hit the kobold but do no damage. The bat barely misses you.
The bat hits you but does no damage. The kobold barely misses you.
The kobold closely misses you. The jackal completely misses you.
Aiming: Spit Poison (3% risk of failure)
Press: ? - help, Q - select action, (/) - cycle Shift-Dir - straight line, f/p - kobold
Aim: a kobold, wielding a +0 dagger (43% to hit)
The splash of poison hits the kobold.
You kill the kobold!
The bat closely misses you.
The kobold hits you with a +0 short sword.
The jackal barely misses you. The jackal bites you.
* * * LOW HITPOINT WARNING * * *
Unknown command.
You hit the kobold but do no damage.
The kobold is moderately wounded.
The bat hits you but does no damage. The bat barely misses you.
The kobold hits you with a +0 short sword.
You die...

...h#. ..# ##
#...∩ ..####..
#..#.#........
#.#...#...)...
#..........#
#.......#
##......#
#.h###.####
##.K@.......
#..hb..#####
#..##### #..#
##..## #....#
#.##.#
######.##.#
#.........##


You could see 2 jackals, a bat and a kobold.

Vanquished Creatures
  A goblin (D:1)
  2 hobgoblins (D:1)
  A kobold (D:1)
4 creatures vanquished.

Notes
Turn   | Place    | Note
-------+----------+-------------------------------------------
     0 | D:1      | firemarshallily the Naga Venom Mage began the quest for the
                  | Orb.
     0 | D:1      | Reached XP level 1. HP: 15/15 MP: 3/3
   128 | D:1      | Found Lelecew's Antique Armour Shop.
   144 | D:1      | Slain by a kobold

Illustrated notes

Levels and vault maps discovered:
D:1:      lightli_arrival_statue_moat, layout_rooms, serial_shops,
          nicolae_shop_advertising_works [nicolae_subvault_shop_adworks],
          hangedman_feature_mirror

Action                   || total
-------------------------++-------
Melee: Dagger            ||     5
       Unarmed           ||     1
 Cast: Sting             ||     5
 Abil: Spit Poison       ||     3
Armor: Robe              ||     5
Dodge: Dodged            ||    15
